Map: Dusk Towers

Players

Miszu

  • Race: Terran Terran
  • League: Master

lIlIIlIlIll - Winner!

  • Race: Terran Terran
  • League: Master

VOD

Have the link to the VOD?

Description

Time

  • Played on: April 25, 2016, 2:42 p.m.
  • Length: 9:40
Show
View Real Time Build Order
Export as new Build Order

Miszu Terran 

Build Orders: 1/1/1, MMM Bio 

Get SALT Encoding   

  12  0:01  SCV  
  13  0:13  SCV  
  14  0:18  Supply Depot  
  14  0:25  SCV  
  15  0:40  SCV  
  15  0:42  Barracks  
  16  0:47  Refinery  
  16  0:52  SCV  
  17  1:04  Refinery, SCV  
  18  1:17  SCV  
  19  1:30  Orbital Command  
  19  1:34  Marine  
  20  1:40  Factory  
  20  1:49  Supply Depot  
  20  1:52  Marine  
  21  1:57  SCV  
  22  2:09  SCV  
  22  2:10  Marine  
  24  2:21  SCV  
  25  2:24  Hellion  
  25  2:25  Starport  
  25  2:28  Marine  
  28  2:33  Supply Depot, SCV  
  29  2:45  Factory Tech Lab, SCV  
  29  2:46  Marine  
  31  2:57  SCV  
  32  3:04  Marine  
  33  3:10  Raven, SCV  
  36  3:18  Factory Reactor  
  36  3:19  Command Center  
  34  3:22  SCV  
  35  3:27  Supply Depot  
  35  3:31  Marine  
  36  3:35  SCV  
  37  3:47  SCV  
  39  3:59  SCV  
  38  4:03  Siege Tank  
  38  4:09  Medivac  
  43  4:14  Barracks  
  43  4:15  Supply Depot, Barracks  
  43  4:17  Marine x2, SCV  
  46  4:29  SCV  
  47  4:36  Marine, Siege Tank  
  51  4:39  Medivac  
  51  4:42  Supply Depot  
  51  4:43  SCV  
  54  4:47  Orbital Command  
  54  4:55  Engineering Bay  
  54  5:02  Barracks Tech Lab x2  
  54  5:04  SCV  
  54  5:06  Refinery  
  55  5:18  Marine, SCV x2  
  55  5:19  Marine  
  59  5:23  Refinery  
  59  5:24  Stimpack  
  59  5:30  SCV x2  
  59  5:31  Terran Infantry Weapons Level 1  
  61  5:37  Combat Shields  
  61  5:39  Starport Reactor  
  61  5:42  SCV  
  62  5:43  SCV  
  63  5:54  SCV  
  47  6:04  Marine x3  
  47  6:05  Marine  
  47  6:08  SCV  
  47  6:09  SCV  
  52  6:14  Barracks x2  
  52  6:20  SCV  
  52  6:21  SCV  
  52  6:22  Marine x4  
  58  6:29  Siege Tank  
  62  6:33  Supply Depot  
  62  6:34  Supply Depot  
  62  6:35  Medivac  
  65  6:40  Marine x2  
  65  6:43  Marine x2  
  67  6:55  Command Center  
  67  6:57  Marine  
  67  6:58  Marine  
  68  7:01  Marine x2, Siege Tank  
  68  7:05  SCV x2  
  75  7:12  Medivac x2  
  79  7:15  Marine  
  79  7:16  Barracks Reactor x2  
  79  7:17  SCV  
  79  7:18  SCV  
  79  7:21  Marine x2  
  84  7:27  Marine  
  84  7:29  SCV  
  86  7:30  SCV  
  86  7:33  Marine  
  88  7:39  Marine  
  88  7:41  SCV  
  89  7:49  Marine  
  89  7:51  Siege Tank  
  94  7:58  Marine  
  94  7:59  Supply Depot  
  94  8:00  Marine  
  94  8:01  Supply Depot  
  94  8:02  Supply Depot  
  94  8:07  Marine, Medivac x2, SCV x2  
  94  8:12  Sensor Tower  
  101  8:19  SCV x2  
  103  8:20  SCV  
  103  8:22  Marine x2  
  106  8:31  Marine, SCV x2  
  106  8:32  SCV  
  108  8:38  Marine  
  109  8:43  SCV x2  
  109  8:44  SCV  
  109  8:47  Marine x6  
  84  9:03  Marine x2  
  84  9:05  Marine x6, Medivac, Siege Tank  
  97  9:21  Marine x2  
Show
View Real Time Build Order
Export as new Build Order

lIlIIlIlIll Terran - Winner!

Build Orders: Reaper Expand, MMM Bio 

Get SALT Encoding   

  12  0:00  SCV  
  13  0:12  SCV  
  14  0:17  Supply Depot  
  14  0:24  SCV  
  15  0:39  SCV  
  15  0:40  Barracks  
  16  0:44  Refinery  
  16  0:51  SCV  
  17  1:03  SCV  
  18  1:15  SCV  
  19  1:27  Reaper, Orbital Command  
  20  1:49  Command Center  
  20  1:53  SCV  
  21  1:56  Supply Depot  
  21  1:59  Marine  
  22  2:05  SCV  
  23  2:10  Factory  
  23  2:17  Refinery  
  23  2:18  SCV  
  23  2:22  Marine  
  25  2:30  SCV  
  26  2:40  Barracks Reactor  
  26  2:42  SCV  
  27  2:54  SCV  
  27  2:55  Starport  
  27  2:56  Factory Tech Lab  
  28  3:01  Orbital Command  
  28  3:04  Supply Depot  
  28  3:06  SCV  
  28  3:09  Engineering Bay  
  29  3:18  Marine x2  
  31  3:21  SCV  
  31  3:25  Cyclone  
  35  3:30  SCV  
  35  3:33  SCV  
  37  3:38  Viking  
  37  3:40  Missile Turret  
  39  3:44  Missile Turret  
  39  3:46  SCV  
  39  3:47  SCV  
  41  3:54  Missile Turret  
  41  3:59  SCV  
  42  4:07  SCV  
  42  4:10  Siege Tank  
  42  4:11  SCV  
  42  4:15  Supply Depot  
  46  4:18  Barracks Tech Lab  
  46  4:21  Viking  
  46  4:22  SCV  
  46  4:24  SCV  
  50  4:26  Refinery  
  50  4:27  Supply Depot  
  50  4:32  Viking  
  50  4:34  SCV  
  50  4:36  SCV  
  54  4:46  SCV  
  54  4:48  SCV  
  54  4:51  Barracks  
  54  4:52  Barracks  
  56  4:56  Siege Tank  
  56  4:58  SCV  
  60  5:00  Supply Depot, SCV  
  60  5:03  Marine  
  62  5:09  Stimpack  
  62  5:11  SCV  
  62  5:12  Refinery, SCV  
  64  5:15  Supply Depot  
  64  5:17  Viking  
  64  5:19  Supply Depot  
  66  5:23  SCV  
  66  5:24  Viking  
  66  5:26  Marine  
  70  5:32  SCV  
  70  5:35  SCV  
  72  5:42  Barracks Reactor, Barracks Tech Lab  
  72  5:46  Barracks  
  72  5:48  Barracks  
  65  6:02  SCV  
  65  6:03  SCV  
  64  6:05  Marine  
  64  6:06  Medivac x2  
  69  6:14  SCV  
  69  6:15  SCV  
  71  6:24  Command Center, Siege Tank  
  74  6:27  SCV  
  74  6:31  Supply Depot  
  75  6:41  Combat Shields  
  75  6:42  Marine x3  
  75  6:43  Barracks Reactor, Marine  
  75  6:45  SCV x2  
  81  6:48  Barracks Reactor  
  81  6:49  Supply Depot  
  81  7:00  Marine x3  
  81  7:01  Siege Tank  
  87  7:04  SCV x2  
  87  7:05  Supply Depot  
  87  7:07  Terran Infantry Weapons Level 1  
  87  7:08  Marine  
  89  7:11  Supply Depot  
  90  7:16  Medivac  
  90  7:18  Marine x2  
  90  7:21  Supply Depot  
  94  7:25  Marine x3  
  94  7:26  Marine  
  94  7:28  Medivac  
  94  7:29  Marine  
  101  7:49  Marine x8  
  101  7:50  Medivac, Siege Tank  
  114  7:52  Orbital Command  
  114  7:53  SCV  
  114  7:58  Medivac  
  117  8:07  Marine  
  117  8:09  SCV  
  117  8:10  Marine, SCV  
  117  8:11  Marine x6  
  127  8:14  Orbital Command  
  127  8:20  Medivac  
  127  8:22  Siege Tank  
  127  8:24  Marine  
  133  8:28  Marine  
  134  8:35  Marine x6, Medivac  
  134  8:37  SCV x2  
  134  8:38  Refinery  
  144  8:42  Marine  
  140  8:51  Marine  
  140  8:53  Marine x5  
  140  8:54  Siege Tank  
  141  9:05  Marine x2  
  141  9:06  Medivac  
  141  9:07  SCV  
  141  9:08  SCV x2  
  141  9:09  Marine  
  149  9:13  Marine  
Tags
 
Add a new tag
Caveats
  • Supply blocks, unpowered buildings, or Contaminate may cause inaccurate times.
  • Supply counts are checked every 10 seconds.